Map: Berlingrad LE

Players

FinalChapter

  • Race: Zerg Zerg
  • League: Master
  • Spawn Location: 11:00

Pumba - Winner!

  • Race: Protoss Protoss
  • League: Master
  • Spawn Location: 5:00

VOD

Have the link to the VOD?

Description

Time

  • Played on: March 22, 2022, 7:42 p.m.
  • Length: 8:55
Show
View Real Time Build Order
Export as new Build Order

FinalChapter Zerg 

Build Orders: 3 Hatch before Pool 

Get SALT Encoding   

  12  0:01  Drone  
  13  0:12  Overlord  
  13  0:17  Drone  
  14  0:31  Drone x2  
  14  0:35  Drone  
  17  0:51  Hatchery  
  16  1:00  Drone x2  
  18  1:21  Drone  
  18  1:24  Hatchery  
  18  1:33  Spawning Pool  
  18  1:36  Drone  
  18  1:39  Drone  
  19  1:42  Drone  
  20  1:50  Overlord  
  20  2:02  Drone  
  20  2:05  Drone  
  22  2:14  Drone  
  23  2:17  Drone  
  23  2:20  Queen x2  
  28  2:27  Zergling x4  
  30  2:33  Zergling x2  
  30  2:35  Zergling x2  
  30  2:37  Zergling x2, Queen  
  33  2:44  Drone  
  36  2:55  Queen  
  38  2:58  Drone x2  
  38  2:59  Drone x2  
  41  3:12  Zergling x4  
  41  3:23  Overlord  
  41  3:24  Overlord  
  41  3:26  Drone  
  39  3:55  Drone  
  39  3:56  Drone x8  
  39  3:57  Drone x2  
  50  4:03  Queen x3  
  56  4:11  Spore Crawler  
  51  4:28  Spore Crawler  
  51  4:29  Drone x3  
  51  4:30  Drone x5  
  58  4:36  Overlord  
  58  4:51  Roach Warren  
  56  4:53  Spore Crawler  
  56  4:54  Drone x2  
  57  5:00  Drone  
  57  5:03  Extractor  
  57  5:04  Extractor  
  56  5:08  Extractor  
  56  5:09  Extractor  
  53  5:15  Drone  
  53  5:16  Drone x2  
  53  5:17  Drone x2, Overlord x3  
  53  5:18  Overlord  
  58  5:38  Drone  
  58  5:39  Drone x8  
  67  5:45  Lair  
  67  5:53  Drone  
  67  5:54  Drone x6  
  67  5:56  Metabolic Boost  
  73  6:08  Overlord  
  73  6:09  Overlord x2  
  73  6:20  Drone x4  
  73  6:21  Roach  
  73  6:22  Roach x5  
  89  6:35  Roach x5  
  89  6:36  Roach x2  
  103  6:45  Glial Reconstitution  
  103  6:51  Roach x5  
  113  7:03  Spore Crawler  
  113  7:06  Roach  
  113  7:07  Overlord x4  
  114  7:31  Roach  
  114  7:32  Roach x13  
  142  7:37  Overlord  
  140  7:50  Roach x5  
  135  7:57  Spore Crawler, Drone  
  135  7:58  Drone x2  
  125  7:59  Spore Crawler  
  122  8:19  Roach x3  
  136  8:20  Roach x7  
  116  8:32  Roach x3  
Show
View Real Time Build Order
Export as new Build Order

Pumba Protoss - Winner!

Build Orders: 1 Gate Expand, Oracle Opening, Zealot Archon 

Get SALT Encoding   

  12  0:00  Probe  
  13  0:12  Probe  
  14  0:19  Pylon  
  14  0:25  Probe  
  15  0:37  Probe (Chrono Boost)  
  15  0:39  Gateway  
  16  0:45  Assimilator  
  16  0:49  Probe (Chrono Boost)  
  17  0:54  Probe (Chrono Boost)  
  18  1:04  Probe  
  19  1:16  Probe  
  20  1:29  Nexus  
  20  1:34  Cybernetics Core  
  20  1:41  Assimilator  
  20  1:42  Probe  
  21  1:52  Pylon  
  21  1:54  Probe  
  22  2:06  Probe  
  22  2:08  Adept (Chrono Boost)  
  25  2:18  Stargate, Probe  
  26  2:28  Adept (Chrono Boost)  
  26  2:31  Warp Gate, Probe (Chrono Boost)  
  29  2:42  Probe (Chrono Boost)  
  31  2:48  Probe (Chrono Boost)  
  32  2:51  Probe (Chrono Boost)  
  32  2:55  Probe (Chrono Boost)  
  32  2:56  Probe (Chrono Boost)  
  34  3:07  Probe  
  34  3:08  Probe  
  36  3:13  Oracle (Chrono Boost)  
  36  3:17  Adept  
  36  3:19  Probe  
  42  3:20  Probe  
  42  3:23  Gateway  
  43  3:31  Probe  
  43  3:32  Probe, Pylon  
  45  3:43  Probe  
  46  3:50  Probe  
  46  3:53  Oracle (Chrono Boost)  
  46  3:55  Probe  
  46  3:59  Nexus  
  46  4:02  Probe, Pylon  
  50  4:07  Probe  
  51  4:14  Probe  
  52  4:19  Probe  
  52  4:21  Phoenix (Chrono Boost)  
  55  4:26  Probe  
  56  4:31  Probe  
  56  4:36  Assimilator  
  56  4:38  Probe, Assimilator, Pylon  
  57  4:43  Probe  
  59  4:51  Robotics Facility, Probe  
  59  4:52  Forge  
  60  4:53  Twilight Council, Adept  
  60  4:56  Probe  
  61  5:05  Probe (Chrono Boost)  
  60  5:08  Adept  
  60  5:12  Probe (Chrono Boost)  
  64  5:17  Probe (Chrono Boost)  
  64  5:20  Pylon  
  66  5:21  Probe x2 (Chrono Boost)  
  66  5:24  Gateway  
  66  5:25  Gateway  
  66  5:27  Gateway x2  
  66  5:36  Probe  
  66  5:37  Probe x2  
  66  5:39  Shield Battery  
  66  5:42  Observer (Chrono Boost)  
  70  5:43  Protoss Ground Weapons Level 1  
  70  5:44  Charge  
  70  5:48  Probe  
  70  5:49  Probe  
  72  5:52  Pylon  
  72  6:02  Immortal (Chrono Boost)  
  69  6:11  Templar Archives  
  73  6:14  Gateway  
  73  6:16  Gateway  
  73  6:18  Gateway  
  73  6:19  Gateway  
  73  6:22  Sentry x3, Pylon  
  79  6:34  Immortal (Chrono Boost)  
  82  6:47  Sentry x2  
  82  6:49  Zealot  
  82  6:50  Zealot x3  
  94  6:57  Probe, Pylon  
  94  7:00  Pylon  
  94  7:01  Pylon  
  95  7:03  Warp Prism (Chrono Boost), Pylon  
  97  7:13  High Templar x2  
  97  7:15  Zealot x4  
  109  7:16  Probe  
  109  7:20  Pylon  
  110  7:24  Pylon  
  110  7:25  Zealot x4, Pylon  
  110  7:26  Archon, Pylon  
  118  7:30  Pylon  
  118  7:37  High Templar x2  
  118  7:38  Immortal (Chrono Boost)  
  118  7:41  Zealot x2  
  118  7:42  Archon  
  122  7:59  Zealot  
  122  8:00  Zealot x5  
  134  8:12  Zealot x4  
  136  8:21  Zealot x2  
  136  8:22  Zealot x3  
  138  8:30  Zealot  
Tags
 
Add a new tag
Caveats
  • Supply blocks, unpowered buildings, or Contaminate may cause inaccurate times.
  • Supply counts are checked every 10 seconds.